 Dungeon Crawl Stone Soup version 0.31-a0-977-gc230f8ef24 (webtiles) character file.

Game seed: 17827012915972323820

9 Shayle the Ducker (level 2, 0/16 HPs)
             Began as a Tengu Hexslinger on Oct 30, 2023.
             Slain by a quokka (2 damage)
             ... on level 2 of the Dungeon.
             The game lasted 00:00:33 (710 turns).

Shayle the Ducker (Tengu Hexslinger)                 Turns: 710, Time: 00:00:34

Health: 0/16       AC:  2    Str:  8    XL:     2   Next: 16%
Magic:  4/4        EV: 13    Int: 13    God:
Gold:   47         SH:  0    Dex: 16    Spells: 3/3 levels left

rFire   . . .        a - +1 sling
rCold   . . .        (no shield)
rNeg    . . .        c - +0 robe
rPois   .            (helmet restricted)
rElec   .            (no cloak)
rCorr   .            (no gloves)
SInv    .            (boots unavailable)
Will    .....        (no amulet)
Stlth   +            (no ring)
HPRegen 0.22/turn    (no ring)
MPRegen 0.09/turn

%: acrobat
@: mighty
A: beak, talons 3, acrobatic
a: no special abilities


You were on level 2 of the Dungeon.
You visited 1 branch of the dungeon, and saw 2 of its levels.

You collected 47 gold pieces.

Inventory:

Hand Weapons
 a - a +1 sling (weapon)
Armour
 c - a +0 robe (worn)
Scrolls
 b - a scroll of poison
 f - 4 scrolls of identify {unknown}
 g - a scroll of fear {unknown}
 i - a scroll of teleportation {unknown}
 j - a scroll of brand weapon {unknown}
Potions
 d - 2 potions of might
 e - a potion of brilliance {unknown}
 h - a potion of enlightenment {unknown}
 k - a potion of lignification {unknown}


   Skills:
 + Level 1.5 Fighting
 - Level 2.2 Ranged Weapons
 + Level 2.6 Dodging
 - Level 1.0 Spellcasting
 - Level 2.2 Hexes
 - Level 1.1 Fire Magic


You had 3 spell levels left.
You didn't know any spells.
Your spell library contained the following spells:

 Spells                   Type           Power      Damage    Failure   Level
 Jinxbite                 Hex            12%        N/A       17%         2
 Sigil of Binding         Hex            6%         N/A       34%         3
 Inner Flame              Hex/Fire       5%         N/A       38%         3
 Cause Fear               Hex            3%         N/A       75%         4
 Dimensional Bullseye     Hex/Tloc       1%         N/A       87%         4


Dungeon Overview and Level Annotations

Branches:
Dungeon (2/15)

Altars:


Innate Abilities, Weirdness & Mutations

You have a beak for a mouth.
You have claws for feet.
You can magically evade attacks while moving or waiting.


Message History

You shoot a sling bullet.
The sling bullet closely misses the quokka.
The quokka bites you.
A quokka is nearby!
You are too injured to fight recklessly!
A quokka is nearby!
You are too injured to fight recklessly!
A quokka is nearby!
You shoot a sling bullet.
The sling bullet barely misses the quokka.
The quokka closely misses you. The quokka barely misses you.
You shoot a sling bullet.
The sling bullet barely misses the quokka.
The quokka bites you.
You shoot a sling bullet.
The sling bullet closely misses the quokka.
The quokka misses you. x2
You shoot a sling bullet.
The sling bullet closely misses the quokka.
The quokka closely misses you. The quokka misses you.
You shoot a sling bullet.
The sling bullet hits the quokka but does no damage.
The quokka closely misses you.
You shoot a sling bullet.
The sling bullet closely misses the quokka.
The quokka closely misses you. The quokka misses you.
You shoot a sling bullet. The sling bullet hits the quokka.
The quokka is heavily wounded.
The quokka bites you.
You shoot a sling bullet.
The sling bullet barely misses the quokka.
The quokka completely misses you. The quokka bites you.
* * * LOW HITPOINT WARNING * * *
You shoot a sling bullet.
The sling bullet closely misses the quokka.
The quokka bites you but does no damage.
It was a potion of might.
You feel very mighty all of a sudden. The quokka bites you.
You die...

....#........##..#
##...........##..# #
.............##..#.#
##...........#...#.####
.......................
.....##.####.#...#..####
........# ...#...#...[..
.....##.##.###...#....#
####..#.##. #..@r....# #
##.#.## ##......... #
#....# .....#..#...
######.#.# .............
.........#......##...[..
###..##.....###.. .....
................ .....
.......###..#.## ####
....##.# ......


You could see a quokka.

Vanquished Creatures
  2 ball pythons
  An endoplasm (D:2)
  A goblin (D:2)
  A kobold (D:1)
  A quokka (D:1)
  2 rats (D:2)
8 creatures vanquished.

Notes
Turn   | Place    | Note
-------+----------+-------------------------------------------
     0 | D:1      | Shayle the Tengu Hexslinger began the quest for the Orb.
     0 | D:1      | Reached XP level 1. HP: 12/12 MP: 3/3
   581 | D:2      | Reached XP level 2. HP: 16/16 MP: 4/4
   710 | D:2      | Slain by a quokka

Illustrated notes

Levels and vault maps discovered:
D:1:      lemuel_arrival_muddy, layout_basic
D:2:      layout_basic, basic_altar

Action                     || total
---------------------------++-------
   Fire: Sling             ||    44
    Use: Potion            ||     1
 Armour: Robe              ||    13
  Dodge: Dodged            ||    19

Table legend: (Time is in decaauts)
 A = Elapsed time spent in this place.
 B = Non-inter-level travel time spent in this place.
 C = Inter-level travel time spent in this place.
 D = Time resting spent in this place.
 E = Time spent auto-exploring this place.
 F = Levels seen in this place.
 G = Mean time per level.
                   A        B        C        D        E       F      G
               +--------+--------+--------+--------+--------+-----+--------+
         Total |    722 |    716 |      6 |      0 |    628 |   2 |  361.0 |
       Dungeon |    722 |    716 |      6 |      0 |    628 |   2 |  361.0 |
               +--------+--------+--------+--------+--------+-----+--------+

Top non-repeatable levels by time:
     D:1: 569 daAuts
     D:2: 153 daAuts
